 Dungeon Crawl Stone Soup version 0.29-a0-289-g2178c42546 (webtiles) character file.

Game seed: 15517574561744125429

326 Dabor the Skirmisher (level 6, -10/51 HPs)
             Began as a Palentonga Fighter on Mar 16, 2022.
             Was a Believer of Makhleb.
             Mangled by a mummy (14 damage)
             ... on level 4 of the Dungeon.
             The game lasted 00:04:22 (3257 turns).

Dabor the Skirmisher (Palentonga Fighter)           Turns: 3257, Time: 00:04:22

Health: -10/51     AC:  6    Str: 21    XL:     6   Next: 24%
Magic:  7/7        EV:  7    Int:  9    God:    Makhleb [**....]
Gold:   141        SH:  4    Dex:  9    Spells: 3/5 levels left

rFire   + . .      SeeInvis +   a - +0 war axe
rCold   + . .      Faith    .   c - +0 buckler
rNeg    . . .      Spirit   .   b - +0 scale mail
rPois   +          Reflect  .   (no helmet)
rElec   +          Harm     .   (no cloak)
rCorr   +          Rampage  .   (no gloves)
Will    .....                   (no barding)
Stlth   ..........              (no amulet)
HPRegen 0.17/turn               (no ring)
MPRegen 0.10/turn               (no ring)

@: resistant
A: large, rugged brown scales 3, see invisible, deformed body, roll 1, armoured
tail
a: Rolling Charge, Renounce Religion, Minor Destruction


You were on level 4 of the Dungeon.
You worshipped Makhleb.
Makhleb was pleased with you.
You visited 1 branch of the dungeon, and saw 4 of its levels.

You collected 141 gold pieces.

Inventory:

Hand Weapons
 a - a +0 war axe (weapon)
Missiles
 k - a throwing net
Armour
 b - a +0 scale mail (worn)
 c - a +0 buckler (worn)
Jewellery
 g - an amulet of faith
Wands
 o - a wand of flame (4)
Scrolls
 e - 2 scrolls of amnesia
 h - a scroll of vulnerability
 i - a scroll of enchant armour
 p - a scroll of silence
Potions
 d - a potion of might
 l - a potion of resistance
 m - 3 potions of curing {unknown}
 q - a potion of mutation {unknown}


   Skills:
 + Level 4.1 Fighting
 + Level 3.5 Axes
 + Level 3.3 Armour
 + Level 3.3 Shields
 + Level 2.6 Invocations


You had 3 spell levels left.
You knew the following spells:

 Your Spells              Type           Power      Damage    Failure   Level
a - Passwall              Tmut/Erth      0%         N/A       90%         2

Your spell library contained the following spells:

 Spells                   Type           Power      Damage    Failure   Level
 Ensorcelled Hibernation  Hex/Ice        0%         N/A       90%         2
 Gell's Gravitas          Tloc           0%         N/A       99%         3
 Lesser Beckoning         Tloc           0%         N/A       99%         3
 Swiftness                Air            0%         N/A       99%         3
 Teleport Other           Tloc           0%         N/A       99%         3


Dungeon Overview and Level Annotations

Branches:
Dungeon (4/15)
 Temple: D:4-7

Altars:
Makhleb

Portals:
Ossuary: D:4


Innate Abilities, Weirdness & Mutations

You are completely covered in rugged brown scales. (AC +3, +7% HP)
You have supernaturally acute eyesight. (SInv)
Armour fits poorly on your strangely shaped body.
You can roll at nearby foes to attack.
You have a long armoured tail.


Message History

You hear the slow hiss of an avalanche of sand.
You hit the orc wizard. You tail-slap the orc wizard.
The orc wizard is heavily wounded.
The orc wizard gestures at you while chanting.
The puff of flame hits you!
* * * LOW HITPOINT WARNING * * *
You barely miss the orc wizard.
The orc wizard is heavily wounded.
You closely miss the orc. The orc barely misses you.
The orc wizard hits you with a +0 dagger.
* * * LOW HITPOINT WARNING * * *
You block the orc's attack.
The orc wizard gestures at you while chanting.
The magic dart hits you.
* * * LOW HITPOINT WARNING * * *
You slash the orc wizard!
You kill the orc wizard!
Makhleb accepts your kill.
You barely miss the orc. The orc hits you but does no damage.
You feel much better. The orc hits you with a +0 short sword.
You slash the orc!
You kill the orc!
Makhleb accepts your kill.
You feel better.
You open the door.
A mummy comes into view.
Found a sand-covered staircase.
You hit the mummy.
The mummy is lightly damaged.
You block the mummy's attack.
You hit the mummy.
Your tail-slap misses the mummy.
The mummy is moderately damaged.
You hit the mummy.
The mummy is heavily damaged.
The mummy hits you!
* * * LOW HITPOINT WARNING * * *
It was a potion of resistance.
You feel protected. The mummy hits you!
You die...

....# #.##.[..# ....#
#.##....# ....#
#.##.#..####********* ....#
#.##.##....,,,,,,,,,* ,,***
###.##.#*#..##*****,*** ,,*
#......+,##..#* *,*
,,***##......###.#..#* *,*
,,,,*.[...o..##(.##..** *,*
,,,,*........#..@#*#.,***,*
,,,,*........))..M∩#*,,**,*
,****##......#...###,,***,*
,* ***#......##..#*,,** *,*
,* *,........###.#,,** *,*
,* *,........+,##..** *,*
,* *,........#**,.##*****,*
,***,........#*,,..,,,,,,,*
,,,,,,.......*,,***#*******


You could see a mummy.

Vanquished Creatures
  A sky beast (D:3)
  A hound (D:2)
  Ijyb (D:3)
  2 orc wizards (D:4)
  6 adders
  A dart slug (D:2)
  8 orcs
  7 endoplasms
  2 goblins
  4 hobgoblins
  3 quokkas
  8 ball pythons
  4 bats
  2 kobolds
  5 rats
55 creatures vanquished.

Vanquished Creatures (others)
  An orc wizard (D:4)
1 creature vanquished.

Grand Total: 56 creatures vanquished

Notes
Turn   | Place    | Note
-------+----------+-------------------------------------------
     0 | D:1      | Dabor the Palentonga Fighter began the quest for the Orb.
     0 | D:1      | Reached XP level 1. HP: 19/19 MP: 1/1
   450 | D:1      | Reached XP level 2. HP: 22/25 MP: 2/2
   495 | D:1      | Found a faded altar of an unknown god.
  1051 | D:1      | Prayed at the altar of an unknown god.
  1051 | D:1      | Became a worshipper of Makhleb the Destroyer
  1051 | D:1      | Reached * piety under Makhleb
  1133 | D:2      | Reached XP level 3. HP: 19/31 MP: 3/3
  1272 | D:2      | Reached skill level 1 in Invocations
  1456 | D:2      | Learned a level 2 spell: Passwall
  1600 | D:2      | Reached XP level 4. HP: 33/37 MP: 4/4
  2160 | D:3      | Noticed a sky beast
  2163 | D:3      | Killed a sky beast
  2164 | D:3      | Reached XP level 5. HP: 41/44 MP: 6/6
  2456 | D:3      | Noticed Ijyb
  2465 | D:3      | Reached ** piety under Makhleb
  2474 | D:3      | Killed Ijyb
  3079 | D:4      | Reached skill level 4 in Fighting
  3105 | D:4      | Reached XP level 6. HP: 23/51 MP: 7/7
  3253 | D:4      | Found a sand-covered staircase.
  3257 | D:4      | Mangled by a mummy

Illustrated notes

Levels and vault maps discovered:
D:1:      lightli_arrival_farm, layout_loops_corners, basic_ecumenical_altar
D:2:      layout_loops_cross, hangedman_decor_lopped
D:3:      layout_loops_ring, minmay_misc_feat_ornament, uniq_ijyb
D:4:      layout_basic, nicolae_ossuary_entry_giza, serial_shops,
          nicolae_shop_crystal

Skill      XL: |  1  2  3  4  5 |
---------------+----------------+-----
Invocations    | 1 2 |  2.6
Axes           | 3 |  3.5
Armour         | 3 |  3.3
Shields        | 3 |  3.3
Fighting       | 4 |  4.1

Action                   |  1- 3 |  4- 6 || total
-------------------------+-------+-------++-------
Melee: War axe           |    69 |    92 ||   161
       Tailslap          |     6 |     9 ||    15
 Abil: Rolling Charge    |     2 |    11 ||    13
  Use: Scroll            |       |     5 ||     5
       Potion            |       |     4 ||     4
Armor: Scale mail        |    35 |    41 ||    76
Dodge: Dodged            |    35 |    48 ||    83
Block: Buckler           |    14 |    15 ||    29

Table legend: (Time is in decaauts)
 A = Elapsed time spent in this place.
 B = Non-inter-level travel time spent in this place.
 C = Inter-level travel time spent in this place.
 D = Time resting spent in this place.
 E = Time spent auto-exploring this place.
 F = Levels seen in this place.
 G = Mean time per level.
                   A        B        C        D        E       F      G
               +--------+--------+--------+--------+--------+-----+--------+
         Total |   3339 |   3159 |    180 |     74 |   2601 |   4 |  834.8 |
       Dungeon |   3339 |   3159 |    180 |     74 |   2601 |   4 |  834.8 |
               +--------+--------+--------+--------+--------+-----+--------+

Top non-repeatable levels by time:
     D:1: 1113 daAuts
     D:3: 1013 daAuts
     D:2: 996 daAuts
     D:4: 215 daAuts
